 Dungeon Crawl Stone Soup version 0.26-a0-540-g8a0c9464d7 (webtiles) character file.

Game seed: 4993796532636255646

6 vurker the Sneak (level 2, 0/24 HPs)
             Began as a Formicid Delver on Aug 24, 2020.
             Succumbed to an orc's poison
             ... on level 5 of the Dungeon.
             The game lasted 00:00:25 (49 turns).

vurker the Sneak (Formicid Delver)                    Turns: 49, Time: 00:00:26

Health: 0/24       AC:  3    Str: 16    XL:     2   Next: 0%
Magic:  2/2        EV: 12    Int:  9    God:
Gold:   0          SH:  0    Dex: 12    Spells: 1/1 levels left

rFire    . . .     SeeInvis +   a - +0 hand axe
rCold    . . .     Faith    .   (no shield)
rNeg     . . .     Spirit   .   b - +0 leather armour
rPois    .         Reflect  .   (helmet unavailable)
rElec    .         Harm     .   (no cloak)
rCorr    .                      (no gloves)
MR       .....                  (no boots)
Stlth    +++.......             (no amulet)
HPRegen  0.08/turn              (no ring)
MPRegen  0.08/turn              (no ring)

@: lethally poisoned (0 -> -6)
A: permanent stasis, dig shafts and tunnels, four strong arms, antennae 3
a: Dig, Shaft Self


You were on level 5 of the Dungeon.
You visited 1 branch of the dungeon, and saw 1 of its levels.

Inventory:

Hand Weapons
 a - a +0 hand axe (weapon)
Armour
 b - a +0 leather armour (worn)
Wands
 v - a wand of digging (3)
Scrolls
 c - a scroll of fog
 d - a scroll of magic mapping
 e - a scroll of fear


   Skills:
 + Level 3.4 Fighting
 * Level 2.4 Axes
 - Level 1.7 Dodging
 - Level 6.0 Stealth


You had one spell level left.
You didn't know any spells.
Your spell library was empty.

Dungeon Overview and Level Annotations

Branches:
Dungeon (5/15)
 Temple: D:4-7

Altars:


Innate Abilities, Weirdness & Mutations

You cannot be hasted, slowed, berserked, paralysed or teleported.
You can dig through walls and to a lower floor.
Your four strong arms can wield two-handed weapons with a shield.
You have a pair of large antennae on your head. (SInv)


Message History

An orc comes into view. It is wielding a +0 short sword.
The orc hits you but does no damage.
You are poisoned.
You extend your mandibles.
You dig through the rock wall.
You feel sick.
You dig through the rock wall.
You feel sick.
You dig through the rock wall.
You feel sick.
You retract your mandibles.
You hit the orc.
The orc hits you with a +2 trident of venom.
* * * LOW HITPOINT WARNING * * *
You are lethally poisoned!
You closely miss the orc.
* * * LOW HITPOINT WARNING * * *
You feel sick. The orc barely misses you.
You hit the orc.
You kill the orc!
* * * LOW HITPOINT WARNING * * *
You feel sick.
You hit the orc.
* * * LOW HITPOINT WARNING * * *
You feel sick. The orc closely misses you.
You hit the orc.
You kill the orc!
* * * LOW HITPOINT WARNING * * *
You feel sick.
You aren't carrying any potions.
An orc comes into view. It is wielding a +0 club.
The orc shouts!
You hear a shout!
An orc comes into view. It is wielding a +0 club.
The orc moves out of view.
Things that are here:
a +0 short sword; a +0 ring mail; a +2 trident of venom
* * * LOW HITPOINT WARNING * * *
You feel sick. The orc misses you.
You closely miss the orc. You hit the orc.
* * * LOW HITPOINT WARNING * * *
You feel sick. The orc hits you with a +0 club.
* * * LOW HITPOINT WARNING * * *
The orc barely misses you.
You barely miss the orc. You hit the orc but do no damage.
* * * LOW HITPOINT WARNING * * *
You feel sick. The orc closely misses you. The orc hits you but does no damage.
Unknown command.
You hit the orc. x2
You kill the orc!
You have reached level 2!
The orc misses you.
You closely miss the orc.
You die...

### ##.# #)##
################@######
...............)o.....#
...>..................#
......................#
..####.##...##.##....##
'## #.#######.##....#
..# ... .........# ..#
..... .........##
{.#....... ...........#


You could see an orc.

Vanquished Creatures
  3 orcs (D:5)
3 creatures vanquished.

Notes
Turn   | Place    | Note
-------+----------+-------------------------------------------
     0 | D:5      | vurker the Formicid Delver began the quest for the Orb.
     0 | D:5      | Reached XP level 1. HP: 18/18 MP: 1/1
    10 | D:5      | Noticed an iguana
    48 | D:5      | Reached XP level 2. HP: 1/24 MP: 2/2
    49 | D:5      | Succumbed to an orc's poison

Illustrated notes

Levels and vault maps discovered:
D:5:      layout_gridville, kennysheep_mini_moat

Action                   || total
-------------------------++-------
Melee: Hand axe          ||     9
 Abil: Dig               ||     1
Armor: Leather armour    ||     1
Dodge: Dodged            ||     6

Table legend: (Time is in decaauts)
 A = Elapsed time spent in this place.
 B = Non-inter-level travel time spent in this place.
 C = Inter-level travel time spent in this place.
 D = Time resting spent in this place.
 E = Time spent auto-exploring this place.
 F = Levels seen in this place.
 G = Mean time per level.
                   A        B        C        D        E       F      G
               +--------+--------+--------+--------+--------+-----+--------+
         Total |     51 |     51 |      0 |      0 |     10 |   1 |   51.0 |
       Dungeon |     51 |     51 |      0 |      0 |     10 |   1 |   51.0 |
               +--------+--------+--------+--------+--------+-----+--------+

Top non-repeatable levels by time:
     D:5: 51 daAuts
